 Dungeon Crawl Stone Soup version 0.19.0-2-gae57169 (webtiles) character file.

4030 inmateoo the Cleaver (level 10, -4/94 HPs)
             Began as a Minotaur Berserker on Nov 5, 2016.
             Was a High Priest of Trog.
             Slain by an orc warrior
             ... wielding a +0 spear
              (11 damage)
             ... in a bailey.
             The game lasted 00:16:58 (9426 turns).

inmateoo the Cleaver (Minotaur Berserker)           Turns: 9426, Time: 00:16:59

Health: -4/94      AC: 13    Str: 24    XL:     10   Next: 4%
Magic:  9/9        EV:  9    Int:  4    God:    Trog [*****.]
Gold:   443        SH:  0    Dex: 11    Spells: 0 memorised, 9 levels left

rFire  . . .     SeeInvis .     I - +0 whip (elec)
rCold  + . .     Gourm    +     Q - +0 chain mail
rNeg   . . .     Faith    .     (no shield)
rPois  +         Spirit   .     (helmet restricted)
rElec  .         Reflect  .     t - +0 cloak
rCorr  .         Harm     .     M - +0 pair of gloves (curse)
MR     ++...                    (no boots)
Stlth  ..........               D - amulet of the gourmand
                                K - ring of poison resistance (curse)
                                v - ring of protection from cold

@: exhausted, regenerating, slowed, very slow
A: retaliatory headbutt, horns 2
a: Berserk, Trog's Hand, Brothers in Arms, Burn Spellbooks, Renounce Religion


You were in a bailey.
You worshipped Trog.
Trog was extremely pleased with you.
You were very hungry.

You visited 1 branch of the dungeon, and saw 8 of its levels.
You also visited: Bailey.

You collected 443 gold pieces.

Inventory:

Hand Weapons
 a - a +0 hand axe
 I - a +0 whip of electrocution (weapon)
 R - a +0 glaive
Armour
 t - a +0 cloak (worn)
 M - a cursed +0 pair of gloves (worn)
 Q - a +0 chain mail (worn)
Jewellery
 v - a ring of protection from cold (left hand)
 D - an amulet of the gourmand (around neck)
 K - a cursed ring of poison resistance (right hand)
Wands
 e - a wand of teleportation (2/9)
 r - a wand of teleportation (4/9)
 G - a wand of iceblast (5/15)
 L - a wand of paralysis (8/24)
 N - a wand of digging (14/24)
 O - a wand of flame (0/48)
Scrolls
 b - 7 scrolls of identify {unknown}
 d - 9 scrolls of remove curse {unknown}
 f - a scroll of fog {unknown}
 h - 2 scrolls of magic mapping {unknown}
 i - 2 scrolls of noise {unknown}
 j - a scroll of teleportation {unknown}
 k - 2 scrolls of amnesia {unknown}
 m - a scroll of immolation {unknown}
 n - 2 scrolls of random uselessness {unknown}
 y - a scroll of enchant armour {unknown}
 A - a scroll of enchant weapon {unknown}
 J - a scroll of blinking {unknown}
Potions
 g - a potion of brilliance {unknown}
 l - 3 potions of might {unknown}
 o - 3 potions of agility {unknown}
 q - 3 potions of mutation {unknown}
 s - a potion of cancellation {unknown}
 u - a potion of flight {unknown}
 w - a potion of haste {unknown}
 x - 3 potions of magic {unknown}
 C - 2 potions of curing {unknown}
 E - a potion of cure mutation {unknown}
 F - a potion of beneficial mutation {unknown}
Comestibles
 c - 4 bread rations
 p - 2 fruits
 z - 7 meat rations
 B - a beef jerky
 H - a slice of pizza
 P - a chunk of flesh


   Skills:
 + Level 10.3 Fighting
 + Level 12.8 Axes
 + Level 7.1 Armour
 - Level 2.1 Dodging


You had 9 spell levels left.
You didn't know any spells.

Dungeon Overview and Level Annotations

Branches:
Dungeon (8/15)             Temple (0/1) D:4            Lair (0/6) D:8

Altars:
Dithmenos
Nemelex Xobeh
Ru
Trog
Vehumet
Zin

Shops:
D:6 :


Innate Abilities, Weirdness & Mutations

You reflexively headbutt those who attack you in melee.
You have a pair of horns on your head.


Message History

* * * LOW HITPOINT WARNING * * *
You hit the orc warrior but do no damage.
Your headbutt misses the orc warrior. The orc warrior hits you with a spear.
* * * LOW HITPOINT WARNING * * *
You closely miss the orc warrior. The orc warrior hits you with a spear!
* * * LOW HITPOINT WARNING * * *
Your skin crawls.
You feel resistant to hostile enchantments.
You are feeling very hungry.
The orc warrior closely misses you. The orc warrior hits you with a spear.
* * * LOW HITPOINT WARNING * * *
You hit the orc warrior but do no damage.
There is a sudden explosion of sparks!
You headbutt the orc warrior!
The orc warrior is severely wounded.
The orc warrior hits you with a spear!
* * * LOW HITPOINT WARNING * * *
You barely miss the orc warrior.
The orc warrior is severely wounded.
The orc warrior hits you with a spear!
You die...

.≈≈))## #..≈≈oo...≈ ##.)≈≈.
.≈..## #.o≈≈≈≈≈≈≈ ##..≈. .≈.##
#........ ##.≈.
.≈.#########)###'#############.≈.
.≈......)...##.....##..).)[....≈.
.≈≈≈≈≈≈≈≈≈≈..##.∩.##..≈≈≈≈≈≈≈≈≈≈.
..........≈≈..## ##..≈≈..........
#########..≈≈..###..≈≈..#########
##..≈≈.o@..≈≈..## ##..≈≈≈≈≈≈≈..##
##.........## ###########


You could see an orc warrior.

Vanquished Creatures
  Psyche (D:8)
  The ghost of Enish the Spear-Bearer, an amateur MfAK of Lugonu (D:3)
  Sigmund (D:6)
  The ghost of Enish the Poker, an amateur MfAK of Lugonu (D:5)
  A hungry ghost (D:8)
  A water moccasin (D:5)
  3 orc warriors
  3 phantoms
  A black bear (D:6)
  An ogre (D:3)
  A centaur (D:4)
  A crocodile (D:3)
  3 bullfrogs (D:6)
  A wyvern zombie (D:8)
  2 scorpions
  A howler monkey (D:8)
  7 crimson imps
  2 gnoll shamans
  3 hounds
  2 jellies (D:8)
  2 orc priests
  2 centaur skeletons
  Ijyb (D:3)
  3 iguanas
  7 orc wizards
  6 worker ants
  A hound zombie (D:6)
  A worker ant zombie (D:7)
  48 gnolls
  4 adders
  An ooze (D:4)
  An adder zombie (D:6)
  5 worms
  2 adder skeletons
  A dart slug (D:1)
  6 leopard geckos
  45 orcs
  2 ball pythons
  4 giant cockroaches
  8 goblins
  5 hobgoblins
  18 jackals (D:3)
  A quokka (D:7)
  11 bats
  5 frilled lizards
  2 kobolds
  A quokka skeleton (D:4)
  9 rats
239 creatures vanquished.

Notes
Turn   | Place    | Note
-------+----------+-------------------------------------------
     0 | D:1      | inmateoo the Minotaur Berserker began the quest for the Orb.
     0 | D:1      | Reached XP level 1. HP: 19/19 MP: 0/0
   202 | D:1      | Noticed a tengu
   202 | D:1      | Noticed a felid
   204 | D:1      | Noticed a ghoul
   204 | D:1      | Noticed a minotaur
   206 | D:1      | Noticed an elf
   206 | D:1      | Noticed a naga
   208 | D:1      | Noticed a demonspawn
   210 | D:1      | Noticed a human
   213 | D:1      | Noticed a formicid
   215 | D:1      | Noticed a dwarf
   215 | D:1      | Noticed a centaur
   217 | D:1      | Noticed a troll
   217 | D:1      | Noticed a demigod
   219 | D:1      | Noticed a merfolk
   219 | D:1      | Noticed an octopode
   221 | D:1      | Noticed a draconian
   221 | D:1      | Noticed a halfling
   235 | D:1      | Noticed a vine stalker
   235 | D:1      | Noticed a gargoyle
   237 | D:1      | Noticed a vampire
   239 | D:1      | Noticed a spriggan
   239 | D:1      | Noticed an ogre
   300 | D:1      | Reached skill level 4 in Axes
   473 | D:1      | Reached XP level 2. HP: 25/26 MP: 1/1
   736 | D:2      | Reached skill level 5 in Axes
   802 | D:2      | Reached XP level 3. HP: 18/31 MP: 2/2
   806 | D:2      | Reached ** piety under Trog
  1168 | D:2      | Found a bloodstained altar of Trog.
  1246 | D:2      | You fall through a shaft for 2 floors!
  1293 | D:3      | Noticed a crocodile
  1777 | D:3      | Noticed Ijyb
  1794 | D:3      | Killed Ijyb
  1794 | D:3      | Reached skill level 6 in Axes
  1794 | D:3      | Reached XP level 4. HP: 25/39 MP: 3/3
  1912 | D:3      | Noticed Enish's ghost (amateur MfAK)
  1952 | D:3      | Killed Enish's ghost
  1952 | D:3      | Reached skill level 8 in Axes
  1952 | D:3      | Reached XP level 5. HP: 45/45 MP: 4/4
  1952 | D:3      | Reached XP level 6. HP: 51/51 MP: 5/5
  1985 | D:3      | Found a bloodstained altar of Trog.
  1986 | D:3      | Found a shadowy altar of Dithmenos.
  2747 | D:3      | Reached skill level 9 in Axes
  2868 | D:3      | Reached *** piety under Trog
  2899 | D:3      | Reached XP level 7. HP: 59/59 MP: 6/6
  3645 | D:3      | Reached skill level 5 in Fighting
  4129 | D:3      | Reached skill level 10 in Axes
  4716 | D:3      | Reached XP level 8. HP: 64/70 MP: 7/7
  5009 | D:3      | Found a sacrificial altar of Ru.
  5301 | D:4      | Reached **** piety under Trog
  5458 | D:4      | Reached skill level 11 in Axes
  5558 | D:4      | Found a staircase to the Ecumenical Temple.
  6215 | D:5      | Entered Level 5 of the Dungeon
  6363 | D:5      | Noticed Enish's ghost (amateur MfAK)
  6494 | D:5      | Killed Enish's ghost
  6992 | D:6      | Reached XP level 9. HP: 78/82 MP: 8/8
  6998 | D:6      | Noticed Sigmund
  7012 | D:6      | Killed Sigmund
  7404 | D:6      | Found Duarunt's Book Shoppe.
  7414 | D:6      | Reached skill level 5 in Armour
  7421 | D:6      | Reached ***** piety under Trog
  7532 | D:6      | Reached skill level 12 in Axes
  8592 | D:8      | Noticed Psyche
  8608 | D:8      | Killed Psyche
  8608 | D:8      | Received a gift from Trog
  8643 | D:8      | Found a staircase to the Lair.
  8740 | D:8      | Reached skill level 10 in Fighting
  8761 | D:8      | Found a radiant altar of Vehumet.
  8881 | D:8      | Found a glowing silver altar of Zin.
  8883 | D:8      | Found a sparkling altar of Nemelex Xobeh.
  8948 | D:8      | Found a flagged portal.
  8956 | Bailey   | Entered a bailey
  9063 | Bailey   | Reached XP level 10. HP: 78/93 MP: 9/9
  9230 | Bailey   | Noticed an orc knight
  9426 | Bailey   | Slain by an orc warrior

Skill      XL: |  1  2  3  4  5  6  7  8  9 10 |
---------------+-------------------------------+-----
Axes           | 4 5 6 8 9 10 11 12 | 12.8
Fighting       | 4 6 8 10 | 10.3
Armour         | 4 6 7 |  7.1
Dodging        | |  2.1

Action                   |  1- 3 |  4- 6 |  7- 9 | 10-12 || total
-------------------------+-------+-------+-------+-------++-------
Melee: Hand axe          |    88 |   101 |   480 |    25 ||   694
       Headbutt          |     9 |    21 |   109 |     9 ||   148
       Whip              |       |       |    31 |    15 ||    46
       Glaive            |       |       |       |     9 ||     9
Invok: Berserk           |       |     2 |     6 |     1 ||     9
       Trog's Hand       |       |     1 |     5 |     1 ||     7
Evoke: Wand              |       |       |       |     1 ||     1
  Eat: Chunk             |     2 |     5 |    30 |     2 ||    39
       Royal jelly       |       |     1 |       |       ||     1
       Pizza             |       |       |     1 |       ||     1
       Fruit             |       |       |     2 |       ||     2
Armor: Leather armour    |    26 |    17 |    30 |       ||    73
       Ring mail         |       |       |    43 |       ||    43
       Plate armour      |       |       |    42 |       ||    42
       Chain mail        |       |       |    30 |    15 ||    45
Dodge: Dodged            |    57 |    65 |   255 |    19 ||   396
